 Dungeon Crawl Stone Soup version bcrawl-1.19.1 (webtiles) character file.

Game seed: 845079828610313826

62 Freyura the Twirler (level 3, -2/28 HPs)
             Began as a Demonspawn Gladiator on Dec 15, 2019.
             Was an Initiate of Dithmenos.
             Slain by a jackal (3 damage)
             ... on level 2 of the Dungeon.
             The game lasted 00:05:25 (1576 turns).

Freyura the Twirler (Demonspawn Gladiator)          Turns: 1576, Time: 00:05:26

Health: -2/28      AC:  3    Str: 14    XL:     3   Next: 85%
Magic:  3/3        EV:  8    Int:  9    God:    Dithmenos [......]
Gold:   85         SH: 10    Dex: 15    Spells: 2/2 levels left

rFire    . . .     SeeInvis .   l - -2 short sword (curse)
rCold    . . .     Gourm    .   j - +0 large shield
rNeg     . . .     Faith    .   k - +0 robe (curse)
rPois    +         Spirit   .   c - +0 helmet
rElec    .         Reflect  .   (no cloak)
rCorr    .         Harm     .   (no gloves)
MR       .....                  (no boots)
Stlth    +++.......             (no amulet)
HPRegen  0.09/turn              h - ring of poison resistance
MPRegen  0.08/turn              (no ring)

@: no status effects
A: nightstalker 2
a: Renounce Religion


You were on level 2 of the Dungeon.
You worshipped Dithmenos.
Dithmenos was noncommittal.
You were not hungry.

You visited 1 branch of the dungeon, and saw 2 of its levels.

You collected 85 gold pieces.

Inventory:

Hand Weapons
 a - a +0 quarterstaff
 l - a cursed -2 short sword (weapon)
Missiles
 d - 3 throwing nets (quivered) {!f}
Armour
 b - a +0 leather armour
 c - a +0 helmet (worn)
 e - a +0 scale mail
 j - a +0 large shield (worn)
 k - a cursed +0 robe (worn)
Jewellery
 h - a ring of poison resistance (left hand)
Potions
 g - 2 potions of curing {unknown}
 i - a potion of brilliance {unknown}
Comestibles
 f - 2 rations {!d}


   Skills:
 + Level 2.5 Fighting
 * Level 0.0 Short Blades
 - Level 3.4 Staves
 - Level 1.7 Throwing
 - Level 1.1 Armour
 + Level 3.1 Dodging
 + Level 0.1 Stealth
 + Level 0.1 Shields
 + Level 0.0 Invocations


You had 2 spell levels left.
You didn't know any spells.
Your spell library was empty.

Dungeon Overview and Level Annotations

Branches:
Dungeon (2/12)

Altars:
Dithmenos


Innate Abilities, Weirdness & Mutations

You are significantly more attuned to the shadows.


Message History

You block the jackal's attack.
You closely miss the jackal.
The jackal is moderately wounded.
The jackal bites you but does no damage.
The jackal barely misses you.
You hit the jackal.
The jackal is heavily wounded.
The jackal bites you.
* * * LOW HITPOINT WARNING * * *
The jackal bites you.
* * * LOW HITPOINT WARNING * * *
Your shield prevents you from hitting the jackal.
The jackal is heavily wounded.
The jackal bites you.
* * * LOW HITPOINT WARNING * * *
The jackal barely misses you.
You barely miss the jackal.
The jackal is moderately wounded.
The jackal bites you.
You die...

.. ## ##. #. .. #
##. #. .# ..#..
#.##.# #...# #..#.#
..#.# ##h#.# #...#
#.###@#.# ###..
#.......# ##.
############.### #.
#.......####.##.##
##
######............
# ..# #......#.....
#... #.###........
... ##...#..#.....
#.####....#......[.


You could see a jackal.

Vanquished Creatures
  An adder (D:2)
  4 dart slugs (D:1)
  2 leopard geckos
  3 bats (D:1)
  2 giant cockroaches (D:1)
  2 goblins (D:1)
  10 hobgoblins
  4 jackals (D:2)
  A quokka (D:2)
  5 frilled lizards
  2 kobolds (D:1)
  3 rats
39 creatures vanquished.

Notes
Turn   | Place    | Note
-------+----------+-------------------------------------------
     0 | D:1      | Freyura the Demonspawn Gladiator began the quest for the
                  | Orb.
     0 | D:1      | Reached XP level 1. HP: 16/16 MP: 1/1
   305 | D:1      | Gained mutation: You are slightly more attuned to the
                  | shadows. [demonic ancestry]
   305 | D:1      | Reached XP level 2. HP: 22/22 MP: 2/2
   609 | D:1      | Gained mutation: You are significantly more attuned to the
                  | shadows. [demonic ancestry]
   609 | D:1      | Reached XP level 3. HP: 25/28 MP: 3/3
   893 | D:1      | Reached skill level 1 in Armour
  1488 | D:2      | Found a shadowy altar of Dithmenos.
  1502 | D:2      | Became a worshipper of Dithmenos the Shadowed
  1575 | D:2      | HP: 1/28 [jackal (2)]
  1576 | D:2      | Slain by a jackal

Skill      XL: |  1  2  3 |
---------------+----------+-----
Staves         | 3 |  3.4
Dodging        | 3 |  3.1
Armour         | 1 |  1.1
Fighting       | |  2.5
Throwing       | |  1.7
Stealth        | |  0.1
Shields        | |  0.1

Action                   || total
-------------------------++-------
Melee: Quarterstaff      ||   112
       Short sword       ||    59
  Use: Scroll            ||     1
 Stab: Sleeping          ||     2
  Eat: Chunk             ||     2
Armor: Scale mail        ||    65
       Skin              ||     1
       Robe              ||    14
Dodge: Dodged            ||    85
Block: Large shield      ||    43
